 Dungeon Crawl Stone Soup version 0.30-a0-718-geaa24f58ff (webtiles) character file.

Game seed: 15522570277298411448

1 flotson the Sneak (level 1, 0/18 HPs)
             Began as a Demonspawn Delver on Jan 25, 2023.
             Slain by an orc
             ... wielding a +0 morningstar
              (6 damage)
             ... on level 3 of the Dungeon.
             The game lasted 00:00:55 (103 turns).

flotson the Sneak (Demonspawn Delver)                Turns: 103, Time: 00:00:56

Health: 0/18       AC:  5    Str: 12    XL:     1   Next: 16%
Magic:  1/1        EV: 10    Int: 11    God:
Gold:   6          SH:  0    Dex: 14    Spells: 0/0 levels left

rFire   . . .      SeeInvis .    a - +0 mace
rCold   . . .      Faith    .    (no shield)
rNeg    . . .      Spirit   .    d - +0 ring mail
rPois   .          Reflect  .    (no helmet)
rElec   .          Harm     .    (no cloak)
rCorr   .          Rampage  .    (no gloves)
Will    .....                    (no boots)
Stlth   ++                       (no amulet)
HPRegen 0.23/turn                (no ring)
MPRegen 0.07/turn                (no ring)

@: hasted, very quick
A: no striking features
a: no special abilities


You were on level 3 of the Dungeon.
You visited 1 branch of the dungeon, and saw 3 of its levels.

You collected 6 gold pieces.

Inventory:

Hand Weapons
 a - a +0 mace (weapon)
Armour
 d - a +0 ring mail (worn)
Wands
 g - a wand of digging (3)
Scrolls
 c - 2 scrolls of fog
 e - a scroll of fear


   Skills:
 + Level 3.0 Fighting
 + Level 1.7 Maces & Flails
 + Level 0.0 Armour
 + Level 1.7 Dodging
 + Level 4.5 Stealth
 + Level 0.0 Evocations


You couldn't memorise any spells.
You didn't know any spells.
Your spell library was empty.

Dungeon Overview and Level Annotations

Branches:
Dungeon (5/15)
 Temple: D:4-7

Altars:


Message History

You feel aware of your surroundings.
You sensed 1 shop/portal.
Found a stone staircase leading up.
A jelly comes into view.
There is a stone staircase leading up here.
The quokka bites you but does no damage.
The quokka bites you.
You climb upwards.
Found a ring mail, a club and a scroll of fog.
There is a stone staircase leading down here.
Found a stone staircase leading up.
You hit the quokka.
You kill the quokka!
You see here a +0 ring mail.
d - a +0 ring mail You start removing your armour.
You continue taking off your +0 leather armour. x4
You finish taking off your +0 leather armour.
You start putting on your armour.
You continue putting on your +0 ring mail. x5
You finish putting on your +0 ring mail.
You drop a +0 leather armour.
Found a silvery potion.
An iguana comes into view.
You see here a scroll of fog.
c - 2 scrolls of fog (gained 1)
There is a stone staircase leading up here.
The helpless orc fails to defend itself.
You hit the orc but do no damage. The orc closely misses you.
There is a stone staircase leading up here.
The orc misses you.
You climb upwards.
Found a glowing hand axe.
There is a stone staircase leading down here.
You hit the orc but do no damage. The orc hits you with a +0 morningstar.
You barely miss the orc. The orc hits you with a +0 morningstar!
* * * LOW HITPOINT WARNING * * *
The orc closely misses you.
You barely miss the orc. The orc closely misses you.
You feel yourself speed up. The orc hits you with a +0 morningstar.
You die...

## ..### . ...
... ##.###.....
#.o@.......
.......###...).
###.... ...
....### # ###


You could see an orc.

Vanquished Creatures
  A quokka (D:4)
1 creature vanquished.

Notes
Turn   | Place    | Note
-------+----------+-------------------------------------------
     0 | D:5      | flotson the Demonspawn Delver began the quest for the Orb.
     0 | D:5      | Reached XP level 1. HP: 18/18 MP: 1/1
    37 | D:5      | Noticed an iguana
    56 | D:5      | Noticed a jelly
    88 | D:4      | Noticed an iguana
   103 | D:3      | Slain by an orc

Illustrated notes

Levels and vault maps discovered:
D:3:      layout_rooms
D:4:      layout_loops_ring
D:5:      layout_basic, serial_shops, shop, nrook_loot_triangle

Action                     || total
---------------------------++-------
  Melee: Mace              ||     5
    Use: Scroll            ||     1
         Potion            ||     1
   Stab: Sleeping          ||     1
 Armour: Leather armour    ||     1
  Dodge: Dodged            ||     4

Table legend: (Time is in decaauts)
 A = Elapsed time spent in this place.
 B = Non-inter-level travel time spent in this place.
 C = Inter-level travel time spent in this place.
 D = Time resting spent in this place.
 E = Time spent auto-exploring this place.
 F = Levels seen in this place.
 G = Mean time per level.
                   A        B        C        D        E       F      G
               +--------+--------+--------+--------+--------+-----+--------+
         Total |    104 |    104 |      0 |      0 |     37 |   3 |   34.7 |
       Dungeon |    104 |    104 |      0 |      0 |     37 |   3 |   34.7 |
               +--------+--------+--------+--------+--------+-----+--------+

Top non-repeatable levels by time:
     D:5: 61 daAuts
     D:4: 38 daAuts
     D:3: 4 daAuts
